 Dungeon Crawl Stone Soup version 0.32-a0-675-gdc239d62e1 (webtiles) character file.

Game seed: 2437169058758395262

92 jasper the Trooper (level 4, -8/35 (36) HPs)
             Began as a Demonspawn Fighter on Mar 11, 2024.
             Mangled by Crazy Yiuf
             ... wielding a +2 quarterstaff of chaos
              (20 damage)
             ... on level 2 of the Dungeon.
             The game lasted 00:02:31 (1805 turns).

jasper the Trooper (Demonspawn Fighter)             Turns: 1805, Time: 00:02:32

HP:   -8/35 (36)    AC:  8    Str: 19    XL:     4   Next: 35%
MP:   4/4           EV:  9    Int:  8    God:
Gold: 103           SH:  0    Dex: 12    Spells: 3/3 levels left

rFire   + .          .
                       - Unarmed
rCold   . . .        b - +0 buckler
rNeg    . . .        a - +0 scale mail
rPois   .            (no helmet)
rElec   .            g - +0 cloak
rCorr   .            (no gloves)
SInv    .            f - +0 pair of boots
Will    .....        (no amulet) Stlth
                     e - ring of protection from fire
HPRegen 0.25/turn    (no ring)
MPRegen 0.09/turn

%: no passive effects
@: confused, mighty, lightly drained
A: powered by death 1
a: no special abilities


You were on level 2 of the Dungeon.
You visited 1 branch of the dungeon, and saw 2 of its levels.

You collected 103 gold pieces.

Inventory:

Hand Weapons
 i - a +0 dagger of venom
Missiles
 l - 4 poisoned darts (quivered)
 q - 4 silver javelins
Armour
 a - a +0 scale mail (worn)
 b - a +0 buckler (worn)
 f - a +0 pair of boots (worn)
 g - a +0 cloak (worn)
Jewellery
 e - a ring of protection from fire (left hand)
 p - a ring of magical power
Wands
 m - a wand of flame (3)
Scrolls
 k - a scroll of fog {unknown}
Potions
 d - a potion of lignification {unknown}
 h - 2 potions of enlightenment {unknown}
 j - a potion of invisibility {unknown}
 n - 2 potions of brilliance {unknown}
 o - a potion of curing {unknown}
 r - a potion of heal wounds {unknown}


   Skills:
 + Level 3.6 Fighting
 - Level 2.6 Armour
 + Level 3.2 Shields
 * Level 3.2 Unarmed Combat


You had 3 spell levels left.
You didn't know any spells.
Your spell library was empty.

Dungeon Overview and Level Annotations

Branches:
Dungeon (2/15)

Altars:

Annotations:
D:2 Crazy Yiuf


Innate Abilities, Weirdness & Mutations

You regenerate a little health from kills.


Message History

You hit the kobold.
You kill the kobold!
There is an open door, spattered with blood here.
Things that are here:
a +0 whip; 2 stones; a ribbon worm corpse You regained 2 hp, and now have 31/36 hp.
You now have 89 gold pieces (gained 3).
Health restored: 36 You see here 4 silver javelins.
q - 4 silver javelins
n - 2 amethyst potions (gained 1)
r - a pink potion You now have 100 gold pieces (gained 11).
There is an open door, spattered with blood here.
Things that are here:
a +0 whip; 2 stones; a ribbon worm corpse
There is an escape hatch in the ceiling here.
You now have 103 gold pieces (gained 3).
Things that are here:
a +0 whip; a kobold skeleton
There is a stone staircase leading down here.
Crazy Yiuf shouts!
Could not explore, unopened runed door.
Could not explore, unopened runed door.
You open the door. You closely miss Crazy Yiuf.
Crazy Yiuf hits you with a +2 quarterstaff of chaos!
You feel drained.
You take 8 damage, and have 28/35 hp.
MASSIVE DAMAGE!!
You hit Crazy Yiuf but do no damage. Crazy Yiuf hits you but does no damage.
You hit Crazy Yiuf but do no damage.
Crazy Yiuf hits you with a +2 quarterstaff of chaos!
You are confused.
You take 7 damage, and have 21/35 hp.
You feel very mighty all of a sudden.
Crazy Yiuf screams, "Rifle hog song!"
Crazy Yiuf hits you with a +2 quarterstaff of chaos!
You are electrocuted!!
Ouch! That really hurt!
You die...

.....#...#
###....#
.####.#..###
#....# .#
#.#....#
#....#
.####.#.#.##
#...##
......#.#.#
##.##
..#####.#.#
#.## ..#
#.#.# ##.#
..# #.#.#
#.## ..#
#.#.# ##@#
..#####.#.#
#g#
..........#
...
........###
#...#
..#######
#..)# #.#
##### #.#
..# ###


You could see Crazy Yiuf.

Vanquished Creatures
  Jessica (D:2)
  2 adders (D:2)
  A ribbon worm (D:2)
  4 ball pythons (D:1)
  5 bats
  6 endoplasms
  3 giant cockroaches
  3 goblins
  2 hobgoblins (D:1)
  3 kobolds
  4 quokkas (D:1)
  4 frilled lizards
  4 rats
42 creatures vanquished.

Notes
Turn   | Place    | Note
-------+----------+-------------------------------------------
     0 | D:1      | jasper the Demonspawn Fighter began the quest for the Orb.
     0 | D:1      | Reached XP level 1. HP: 18/18 MP: 1/1
   151 | D:1      | Gained mutation: You regenerate a little health from kills.
                  | [demonic ancestry]
   151 | D:1      | Reached XP level 2. HP: 11/24 MP: 2/2
   743 | D:1      | Reached XP level 3. HP: 29/29 MP: 3/3
  1137 | D:2      | Noticed Jessica
  1146 | D:2      | Killed Jessica
  1330 | D:2      | Reached XP level 4. HP: 32/35 MP: 4/4
  1486 | D:2      | Found a runed translucent door.
  1487 | D:2      | Noticed Crazy Yiuf
  1805 | D:2      | Mangled by Crazy Yiuf

Illustrated notes

Levels and vault maps discovered:
D:1:      nicolae_arrival_memento_mori, layout_loops_ring,
          minmay_indecisive_spiral
D:2:      layout_loops_ring, minmay_fractal_squares_gapless_5, uniq_jessica,
          uniq_crazy_yiuf_cottage

Skill      XL: |  1  2  3 |
---------------+----------+-----
Unarmed Combat | 2 3 |  3.2
Shields        | 3 |  3.2
Fighting       | |  3.6
Armour         | |  2.6

Action                     |  1- 3 |  4- 6 || total
---------------------------+-------+-------++-------
  Melee: Unarmed           |   147 |    22 ||   169
    Use: Scroll            |     1 |       ||     1
         Potion            |       |     1 ||     1
 Armour: Scale mail        |    95 |    21 ||   116
  Dodge: Dodged            |    57 |     8 ||    65
  Block: Buckler           |    29 |     1 ||    30

Table legend: (Time is in decaauts)
 A = Elapsed time spent in this place.
 B = Non-inter-level travel time spent in this place.
 C = Inter-level travel time spent in this place.
 D = Time resting spent in this place.
 E = Time spent auto-exploring this place.
 F = Levels seen in this place.
 G = Mean time per level.
                   A        B        C        D        E       F      G
               +--------+--------+--------+--------+--------+-----+--------+
         Total |   1804 |   1799 |      5 |     47 |   1332 |   2 |  902.0 |
       Dungeon |   1804 |   1799 |      5 |     47 |   1332 |   2 |  902.0 |
               +--------+--------+--------+--------+--------+-----+--------+

Top non-repeatable levels by time:
     D:2: 937 daAuts
     D:1: 866 daAuts
